Map: [ESL] Hard Lead

Players

BabyMarine

  • Race: Terran Terran
  • Spawn Location: 5:00

Spirit (souL) - Winner!

  • Race: Terran Terran
  • League: Master
  • Spawn Location: 11:00

Event: HomeStory Cup XXIV

VOD

Have the link to the VOD?

Description

Time

  • Played on: Dec. 2, 2023, 9:37 a.m.
  • Length: 21:45

All games in this series

Show
View Real Time Build Order
Export as new Build Order

BabyMarine Terran 

Build Orders: Cyclone Opening 

Get SALT Encoding   

  12  0:00  SCV  
  13  0:12  SCV  
  14  0:16  Supply Depot  
  14  0:24  SCV  
  15  0:38  SCV  
  15  0:39  Barracks  
  16  0:44  Refinery  
  16  0:50  SCV  
  16  0:54  Refinery  
  17  1:02  SCV  
  18  1:14  SCV  
  19  1:26  Reaper  
  19  1:27  Orbital Command  
  19  1:28  Supply Depot  
  20  1:43  Factory  
  20  1:53  SCV  
  21  1:58  Reaper  
  22  2:05  SCV  
  23  2:21  Command Center  
  23  2:23  SCV  
  24  2:30  Hellion  
  24  2:36  Barracks Reactor  
  26  2:40  Starport  
  26  2:42  SCV  
  27  2:48  Supply Depot  
  27  2:54  Cyclone  
  27  2:57  SCV  
  30  3:09  SCV  
  31  3:12  Marine  
  31  3:13  Marine  
  31  3:18  Medivac  
  35  3:23  SCV  
  36  3:27  Cyclone  
  36  3:30  Marine  
  36  3:32  Marine  
  40  3:34  Orbital Command  
  40  3:37  SCV  
  40  3:41  Refinery  
  41  3:48  Marine  
  41  3:49  SCV  
  41  3:50  Marine  
  41  3:51  Starport Tech Lab  
  44  4:03  SCV  
  46  4:10  SCV  
  46  4:11  Raven  
  46  4:12  Interference Matrix  
  46  4:14  Cyclone  
  46  4:16  Supply Depot  
  50  4:19  Cyclone  
  50  4:21  SCV  
  50  4:22  SCV  
  54  4:38  SCV  
  56  4:41  Barracks Tech Lab, Supply Depot  
  56  4:42  SCV  
  56  4:49  Raven  
  56  4:50  Cyclone  
  56  4:51  SCV  
  61  4:58  Supply Depot  
  61  5:06  Command Center, SCV x2  
  64  5:14  Supply Depot  
  64  5:18  SCV x2  
  66  5:22  Barracks  
  66  5:28  Raven  
  66  5:30  Barracks, SCV x2  
  66  5:31  Siege Tank  
  66  5:33  Marine x2  
  73  5:43  Engineering Bay  
  73  5:44  SCV  
  73  5:45  SCV, Engineering Bay  
  75  5:50  Refinery  
  75  5:56  SCV  
  76  5:57  SCV  
  77  6:08  Siege Tank, SCV  
  77  6:09  SCV  
  80  6:14  Stimpack  
  80  6:20  SCV  
  80  6:21  Orbital Command, Barracks Reactor, SCV  
  82  6:28  Terran Infantry Weapons Level 1, Terran Infantry Armor Level 1  
  82  6:33  Viking, Barracks Reactor  
  82  6:37  Barracks, SCV, Supply Depot  
  82  6:38  SCV  
  82  6:39  Barracks  
  86  6:44  Viking  
  86  6:46  Orbital Command  
  88  6:50  SCV  
  88  6:52  SCV  
  90  6:56  Siege Tank  
  93  7:01  Marine  
  93  7:02  Marine x2  
  93  7:05  SCV x2  
  93  7:06  Supply Depot  
  97  7:09  Marine x2  
  97  7:12  SCV  
  100  7:17  SCV x2  
  100  7:18  Viking x2  
  100  7:19  Marine  
  100  7:22  Marine x2  
  109  7:27  Supply Depot  
  109  7:28  Supply Depot, SCV  
  109  7:29  Barracks Reactor x2, SCV, Marine x2  
  113  7:31  SCV  
  112  7:40  SCV  
  112  7:41  SCV  
  112  7:43  SCV  
  111  7:45  Marine x2  
  111  7:47  Marine x2  
  111  7:48  Siege Tank  
  116  7:52  SCV  
  116  7:53  SCV  
  116  7:54  Marine  
  116  7:58  SCV  
  120  8:02  Refinery x2  
  120  8:03  Marine x2  
  120  8:04  Sensor Tower, SCV  
  120  8:05  Armory  
  123  8:08  Marine  
  123  8:09  Command Center, Marine x4  
  123  8:11  Supply Depot  
  128  8:12  Marine  
  128  8:18  Medivac, Supply Depot  
  128  8:19  Medivac  
  133  8:24  Combat Shield  
  133  8:33  Siege Tank, Marine x4  
  140  8:35  Marine  
  140  8:39  Marine x3  
  144  8:41  Factory  
  144  8:43  Missile Turret  
  144  8:44  Missile Turret  
  144  8:45  Supply Depot  
  144  8:48  Supply Depot x2  
  144  8:49  SCV  
  144  8:52  SCV x2  
  147  8:58  Viking  
  149  9:07  Viking, Marine x6  
  157  9:10  SCV  
  157  9:12  Siege Tank  
  157  9:13  Marine x2  
  157  9:14  Marine  
  164  9:19  SCV  
  164  9:20  SCV  
  164  9:22  SCV  
  163  9:31  SCV  
  163  9:32  SCV  
  163  9:36  SCV  
  163  9:38  Viking x2  
  166  9:43  Terran Infantry Armor Level 2  
  166  9:48  Terran Infantry Weapons Level 2  
  166  10:00  Siege Tank  
  166  10:03  Siege Tank, Sensor Tower  
  172  10:10  Marine x8  
  172  10:13  Barracks Reactor  
  180  10:18  Planetary Fortress  
  180  10:19  SCV x3  
  182  10:22  Viking  
  182  10:28  Marine x2  
  184  10:30  Command Center  
  184  10:31  Viking  
  184  10:34  Marine x2  
  188  10:50  Terran Vehicle Weapons Level 1, Refinery  
  188  10:54  Starport  
  188  10:56  Starport  
  188  11:10  Marine x2  
  188  11:23  Siege Tank, Marine x5  
  188  11:25  Command Center  
  196  11:27  Marine  
  196  11:28  Command Center  
  196  11:32  SCV x2  
  196  11:33  Marine x2  
  196  11:40  SCV x2  
  196  11:44  SCV  
  196  11:45  Marine  
  195  11:51  Siege Tank  
  196  11:54  Marine, SCV  
  196  12:11  Starport Tech Lab x2  
  196  12:15  SCV, Marine  
  196  12:17  Siege Tank, Marine x2  
  196  12:18  Marine  
  196  12:20  Viking  
  196  12:22  Viking  
  185  12:23  Marine x5  
  185  12:24  Siege Tank, Marine  
  185  12:26  Terran Infantry Weapons Level 3, Terran Infantry Armor Level 3  
  175  12:33  Marine  
  175  12:35  Raven x2, Marine x2  
  171  12:38  Orbital Command  
  171  12:41  Marine  
  171  12:42  Marine x5  
  175  12:49  Refinery  
  175  12:53  Marine x4  
  175  12:54  Siege Tank  
  175  12:56  Terran Vehicle Weapons Level 2  
  186  13:02  Siege Tank, Marine x5  
  186  13:03  Marine  
  195  13:09  Raven, Medivac x2  
  195  13:11  Raven  
  199  13:20  Missile Turret  
  199  13:21  Command Center  
  199  13:22  Missile Turret x2  
  199  13:23  Sensor Tower  
  199  13:24  Planetary Fortress  
  199  13:39  Sensor Tower  
  194  13:52  Viking x2, Raven  
  197  14:01  Refinery x2  
  196  14:05  Command Center  
  196  14:06  Command Center  
  196  14:09  Armory  
  196  14:12  Starport  
  196  14:14  Starport  
  187  14:26  Viking x2  
  187  14:27  Raven  
  193  14:36  Raven  
  195  14:42  Command Center  
  195  15:00  Starport Tech Lab  
  195  15:01  Starport Reactor  
  195  15:03  Fusion Core  
  195  15:05  Missile Turret  
  195  15:06  Missile Turret  
  195  15:07  Orbital Command, Missile Turret  
  162  15:21  Marine  
  162  15:22  Marine x3  
  162  15:23  Raven x3  
  162  15:24  Viking  
  162  15:25  SCV  
  162  15:26  Marine  
  162  15:27  Marine  
  174  15:39  Marine  
  174  15:40  Viking x2, Marine  
  177  15:44  Barracks, Marine  
  177  15:46  Barracks  
  177  15:48  Barracks  
  167  15:55  Terran Vehicle Weapons Level 3  
  167  15:57  Marine x2  
  160  16:00  Raven x3  
  157  16:08  SCV, Marine  
  157  16:09  SCV  
  158  16:14  Marine  
  158  16:15  Liberator x2, Advanced Ballistics  
  157  16:23  SCV x2  
  157  16:24  SCV  
  157  16:30  SCV  
  156  16:35  Raven x2  
  156  16:36  Raven  
  156  16:37  Barracks Reactor x2  
  156  16:39  Barracks  
  157  16:40  Barracks Reactor  
  157  16:41  SCV  
  157  16:42  Barracks  
  157  16:46  SCV  
  157  16:47  Marine  
  157  16:48  Marine  
  157  16:52  Refinery  
  159  17:04  Sensor Tower  
  159  17:05  Marine  
  160  17:09  Viking x2  
  160  17:12  SCV x2  
  166  17:16  Marine  
  167  17:26  Refinery  
  167  17:27  Refinery  
  167  17:28  Command Center  
  167  17:33  Barracks Reactor  
  167  17:40  Terran Vehicle And Ship Armor Level 1  
  167  17:49  Marine x3  
  167  17:50  Marine x4, SCV  
  167  17:51  Barracks Reactor, Marine  
  160  18:09  Sensor Tower  
  160  18:18  Marine  
  160  18:19  Marine  
  152  18:20  Marine x3  
  152  18:23  Marine x4  
  152  18:24  Raven  
  152  18:25  Raven  
  152  18:32  Starport Reactor  
  152  18:34  Marine  
  152  18:36  Marine, SCV  
  152  18:37  Marine  
  152  18:38  Marine x2  
  152  18:47  Orbital Command  
  139  18:57  Orbital Command  
  139  19:00  Supply Depot  
  139  19:01  Supply Depot  
  139  19:02  Supply Depot x2  
  139  19:04  Supply Depot x3  
  139  19:14  Starport Tech Lab  
  139  19:16  Marine x2  
  137  19:18  Sensor Tower, Marine x2  
  137  19:22  Raven x2, Marine x6  
  148  19:24  SCV  
  148  19:34  Marine  
  148  19:35  Raven  
  148  19:38  Marine x2, SCV  
  154  19:39  Marine  
  154  19:40  SCV  
  152  19:51  Marine x6  
  152  19:52  Orbital Command, Marine  
  158  19:56  Raven, Marine  
  158  19:59  Planetary Fortress  
  161  20:02  Marine x2  
  163  20:08  Viking x2  
  163  20:10  Raven x2, Marine x7  
  178  20:25  Marine x2  
  178  20:26  Marine  
  170  20:35  Marine x2  
  170  20:42  Marine x2  
  140  20:51  Marine x2  
  140  20:52  Marine x2  
  140  20:54  Marine x2  
  119  20:58  Marine x2  
  119  21:00  Raven x2, Medivac x2, Marine  
  123  21:04  Raven  
  123  21:08  Marine  
  123  21:09  Marine  
  127  21:16  Marine x4  
  111  21:20  Marine x4  
  112  21:26  Marine  
  99  21:43  Factory  
  99  21:44  Factory, Missile Turret  
Show
View Real Time Build Order
Export as new Build Order

Spirit Terran - Winner!

Build Orders: Cyclone Opening 

Get SALT Encoding   

  12  0:00  SCV  
  13  0:12  SCV  
  14  0:17  Supply Depot  
  14  0:24  SCV  
  15  0:38  SCV  
  15  0:39  Barracks  
  16  0:45  Refinery  
  16  0:50  SCV  
  16  0:52  Refinery  
  17  1:03  SCV  
  18  1:15  SCV  
  19  1:26  Reaper  
  19  1:27  Orbital Command  
  19  1:30  Supply Depot  
  20  1:43  Factory  
  20  1:52  SCV  
  21  1:58  Reaper  
  22  2:04  SCV  
  23  2:16  SCV  
  24  2:23  Command Center  
  24  2:29  Cyclone  
  26  2:34  Barracks Reactor  
  26  2:35  SCV  
  26  2:42  Supply Depot  
  26  2:47  SCV  
  27  2:56  Starport  
  27  2:59  SCV  
  28  3:11  SCV  
  29  3:17  Cyclone  
  29  3:18  Cyclone  
  33  3:23  SCV  
  34  3:32  Starport Tech Lab  
  34  3:34  Orbital Command  
  34  3:35  SCV  
  35  3:47  SCV, Refinery  
  36  3:49  Cyclone  
  36  3:50  Cyclone  
  40  4:00  SCV  
  40  4:01  SCV  
  42  4:08  Raven  
  44  4:10  Supply Depot  
  44  4:11  Barracks Tech Lab  
  44  4:12  SCV  
  44  4:13  SCV  
  46  4:20  Interference Matrix  
  46  4:24  SCV, Supply Depot  
  47  4:25  SCV  
  47  4:36  SCV  
  47  4:37  SCV  
  49  4:43  Raven, Marine  
  49  4:45  Marine  
  53  4:48  SCV  
  53  4:49  Command Center, SCV  
  53  4:52  Siege Tank  
  58  4:55  Supply Depot  
  58  5:00  SCV  
  58  5:01  SCV  
  60  5:09  Marine x2  
  60  5:12  SCV  
  60  5:13  SCV  
  64  5:14  Refinery  
  64  5:17  Raven  
  64  5:18  Supply Depot  
  66  5:24  SCV  
  66  5:26  Siege Tank, SCV  
  71  5:32  Marine  
  71  5:34  Marine  
  73  5:36  SCV  
  73  5:38  SCV  
  73  5:41  Supply Depot  
  75  5:48  SCV  
  76  5:50  Barracks, SCV  
  76  5:51  Barracks  
  77  6:00  SCV  
  77  6:02  Orbital Command  
  77  6:03  Supply Depot  
  77  6:04  Siege Tank  
  81  6:08  Viking  
  81  6:09  Stimpack  
  83  6:13  Viking  
  83  6:16  Marine  
  83  6:17  SCV  
  87  6:24  Engineering Bay  
  87  6:25  SCV, Engineering Bay  
  87  6:28  Orbital Command  
  87  6:29  SCV  
  88  6:36  Siege Tank  
  88  6:37  SCV  
  88  6:38  Barracks Reactor x2  
  92  6:41  SCV  
  92  6:42  Viking  
  95  6:49  SCV  
  95  6:50  Viking  
  95  6:53  SCV x2  
  99  6:59  Terran Infantry Weapons Level 1  
  99  7:01  SCV  
  99  7:04  Terran Infantry Armor Level 1  
  99  7:05  SCV x2  
  102  7:08  Barracks  
  102  7:09  Refinery  
  102  7:10  Refinery  
  102  7:11  Barracks  
  102  7:12  Viking  
  102  7:13  Supply Depot  
  102  7:14  SCV  
  102  7:15  Marine x3  
  108  7:17  SCV  
  108  7:19  SCV  
  108  7:20  Sensor Tower  
  108  7:21  Supply Depot  
  110  7:24  Marine x2  
  110  7:26  Missile Turret, SCV  
  110  7:29  SCV  
  114  7:30  Siege Tank  
  114  7:34  Marine  
  114  7:35  SCV  
  114  7:36  Supply Depot x2  
  119  7:38  SCV  
  119  7:40  Liberator  
  119  7:48  Liberator  
  119  7:51  SCV, Marine x2  
  119  7:53  Marine x3  
  119  7:57  Combat Shield  
  124  7:58  SCV  
  124  8:02  Refinery  
  125  8:06  Barracks Reactor x2  
  125  8:08  Marine  
  125  8:11  SCV x2  
  125  8:12  Command Center  
  126  8:13  SCV  
  126  8:15  Marine  
  128  8:21  Armory  
  128  8:23  SCV x2  
  128  8:25  Medivac  
  132  8:28  Missile Turret  
  132  8:29  Marine  
  132  8:30  Marine x2  
  132  8:31  Medivac  
  137  8:36  Siege Tank, Marine  
  137  8:38  Marine  
  137  8:39  SCV  
  143  8:42  Marine, SCV  
  143  8:44  Marine  
  143  8:45  Marine, SCV  
  143  8:47  Marine  
  149  8:53  Supply Depot  
  149  8:54  Supply Depot, SCV  
  150  8:56  Marine  
  150  8:57  SCV  
  150  8:59  Marine  
  150  9:00  Supply Depot  
  153  9:02  Marine  
  153  9:06  Marine  
  153  9:08  Siege Tank  
  156  9:10  Marine  
  156  9:14  Marine x2  
  156  9:15  SCV, Medivac x2  
  156  9:16  Marine x3  
  156  9:17  Marine  
  167  9:20  Marine, SCV  
  167  9:23  SCV  
  167  9:24  Marine  
  170  9:27  Marine  
  168  9:32  Marine x2  
  168  9:33  Terran Infantry Weapons Level 2  
  168  9:34  Marine x2  
  168  9:35  SCV x3  
  172  9:39  Marine  
  172  9:40  Siege Tank  
  172  9:41  Terran Infantry Armor Level 2  
  176  9:49  Terran Vehicle Weapons Level 1  
  172  9:53  Sensor Tower  
  172  9:54  Marine x2  
  172  9:55  Factory  
  172  9:57  SCV  
  172  9:59  SCV, Marine  
  177  10:08  Planetary Fortress  
  177  10:09  Refinery  
  177  10:10  Marine x2  
  177  10:11  Marine  
  177  10:12  Siege Tank  
  177  10:13  Marine  
  184  10:21  Viking  
  186  10:24  Marine  
  186  10:26  Bunker  
  186  10:27  Marine x4  
  186  10:28  Marine  
  192  10:29  SCV  
  192  10:30  SCV  
  192  10:32  Viking, Marine  
  196  10:39  Refinery  
  196  10:46  Supply Depot  
  196  10:49  Command Center  
  196  10:57  Factory Tech Lab  
  196  11:00  Missile Turret  
  196  11:02  Marine x2  
  196  11:08  Marine x4  
  196  11:09  Siege Tank  
  197  11:12  Marine  
  197  11:15  Marine x2  
  197  11:18  Starport x2  
  197  11:19  Siege Tank  
  198  11:35  Viking  
  196  11:47  Siege Tank  
  196  11:48  Marine x3  
  196  11:51  Viking  
  196  11:54  Marine  
  195  11:55  Marine x2  
  189  12:03  Marine  
  189  12:04  Siege Tank  
  189  12:05  Marine x2  
  189  12:06  Marine x3  
  192  12:12  Marine  
  192  12:13  Marine x2  
  195  12:19  Siege Tank  
  195  12:21  Marine  
  195  12:22  Marine x2  
  178  12:24  Marine x3  
  178  12:26  SCV x3  
  178  12:29  Marine  
  150  12:30  Marine  
  150  12:31  Marine  
  150  12:33  Terran Infantry Armor Level 3, Terran Infantry Weapons Level 3  
  150  12:36  Siege Tank, Medivac x2  
  156  12:38  SCV x3  
  156  12:39  Marine  
  156  12:40  Marine x2  
  156  12:42  Marine x3  
  165  12:45  Starport Reactor  
  165  12:46  Starport Reactor  
  165  12:47  Marine  
  165  12:48  Fusion Core, Marine x2  
  165  12:50  Terran Vehicle Weapons Level 2, SCV x2  
  165  12:51  Siege Tank, SCV  
  171  12:55  Sensor Tower  
  171  12:57  Marine  
  171  12:58  Marine x2  
  175  13:00  Marine  
  175  13:02  SCV  
  175  13:03  Planetary Fortress, SCV x2  
  181  13:09  SCV  
  181  13:11  Sensor Tower  
  185  13:15  Bunker, SCV x3  
  188  13:21  Viking, SCV  
  188  13:22  Viking x2  
  188  13:24  Viking x2  
  197  13:27  SCV x3  
  197  13:33  SCV  
  200  13:37  Advanced Ballistics  
  200  13:54  Command Center  
  200  13:57  Command Center  
  200  14:07  Armory  
  200  14:09  Starport  
  198  14:25  Viking  
  198  14:27  Refinery x2  
  198  14:30  Armory  
  198  14:31  Missile Turret  
  200  14:55  Command Center  
  200  15:09  Terran Vehicle And Ship Armor Level 1  
  200  15:10  Terran Ship Weapons Level 1  
  188  15:23  Marine x5  
  188  15:24  Marine  
  188  15:26  Siege Tank  
  188  15:27  Marine  
  171  15:29  Viking, Marine  
  171  15:30  Marine  
  171  15:31  Siege Tank  
  171  15:35  Viking  
  168  15:39  SCV  
  168  15:40  Marine  
  168  15:41  Marine x5  
  175  15:44  Marine  
  175  15:47  Marine  
  175  15:48  Marine  
  175  15:58  Siege Tank, Marine x4  
  175  15:59  Marine  
  175  16:00  Marine  
  175  16:02  Marine  
  175  16:03  Siege Tank  
  186  16:05  Marine  
  186  16:06  Marine  
  180  16:16  Marine x4  
  180  16:17  Marine  
  180  16:18  Viking x6, Marine  
  193  16:20  Marine  
  193  16:22  Marine  
  193  16:24  Marine  
  197  16:30  Siege Tank  
  198  16:34  Marine x2  
  198  16:43  Siege Tank  
  193  16:48  Viking x3  
  200  17:00  Medivac x2  
  200  17:01  Viking x2  
  195  17:02  Starport  
  195  17:03  Siege Tank, Starport  
  195  17:04  Orbital Command  
  197  17:10  Planetary Fortress  
  197  17:12  Refinery  
  197  17:13  Refinery  
  197  17:15  Siege Tank  
  196  17:23  Viking  
  196  17:26  Viking  
  199  17:32  Terran Ship Weapons Level 2, Terran Vehicle And Ship Armor Level 2  
  199  17:55  Viking  
  199  17:56  Viking  
  185  17:59  Siege Tank  
  185  18:01  Viking x5  
  196  18:10  Siege Tank  
  188  18:21  Marine x4  
  188  18:24  Viking  
  188  18:25  Marine  
  188  18:26  Viking  
  164  18:27  Marine  
  164  18:29  Marine x3  
  164  18:31  Viking x3, Siege Tank  
  177  18:34  Planetary Fortress  
  177  18:39  Marine x3  
  177  18:41  Marine  
  180  18:42  Siege Tank  
  180  18:44  Marine  
  180  18:45  Marine  
  174  18:52  Marine x3  
  174  18:56  Marine  
  174  18:57  SCV x2  
  177  19:02  Marine  
  177  19:03  Siege Tank, Marine x4  
  185  19:10  Marine x3  
  185  19:14  Siege Tank, Marine  
  185  19:15  Liberator  
  194  19:30  Liberator  
  200  19:33  Liberator  
  200  19:35  Orbital Command, Siege Tank  
  190  19:46  Siege Tank  
  190  19:50  Marine  
  190  19:51  Liberator  
  190  19:56  Command Center, Medivac x3  
  190  19:57  Command Center  
  196  20:02  Sensor Tower  
  196  20:07  Siege Tank, Missile Turret  
  199  20:21  Refinery x2  
  183  20:52  Viking  
  170  21:00  Siege Tank  
  170  21:02  Marine x9  
  182  21:05  Siege Tank  
  174  21:19  Marine  
  174  21:20  Marine x5  
  179  21:26  Marine  
Tags
 
Add a new tag
Caveats
  • Supply blocks, unpowered buildings, or Contaminate may cause inaccurate times.
  • Supply counts are checked every 10 seconds.